SAAA
ATHLETIC CLUB KC RESERVES @ ALLOWAY HALBERDS
08/17/2030
 
TOP OF THE 1ST
Athletic Club KC Reserves batting - Pitching for Alloway Halberds : RHP Antonio Godfrey
Pitching: RHP Antonio Godfrey
Batting: RHB Tony Osorio 0-0: Ball
1-0: Foul Ball, location: 2F
1-1: Ball
2-1: Foul Ball, location: 2F
2-2: Foul Ball, location: 2F
2-2: Ball
3-2: Strikes out swinging
Batting: RHB Iván Chacón 0-0: Swinging Strike
0-1: Swinging Strike
0-2: Ball
1-2: Strikes out swinging
Batting: LHB Wu-shun Chu 0-0: Foul Ball, location: 2F
0-1: Ground out 4-3 (Groundball, 4)
Top of the 1st over - 0 runs, 0 hits, 0 errors, 0 left on base; Athletic Club KC 0 - Alloway 0
BOTTOM OF THE 1ST
Alloway Halberds batting - Pitching for Athletic Club KC Reserves : RHP César Méndez
Pitching: RHP César Méndez
Batting: RHB Bryan Clifton 0-0: Ball
1-0: Fly out, F9 (Flyball, 9S)
Batting: RHB Dave Ash 0-0: Ball
1-0: Called Strike
1-1: Ball
2-1: Foul Ball, location: 2F
2-2: Foul Ball, location: 2F
2-2: Strikes out looking
Batting: RHB Jerry Yates 0-0: Ball
1-0: Called Strike
1-1: Called Strike
1-2: Ball
2-2: Strikes out swinging
Bottom of the 1st over - 0 runs, 0 hits, 0 errors, 0 left on base; Athletic Club KC 0 - Alloway 0
TOP OF THE 2ND
Athletic Club KC Reserves batting - Pitching for Alloway Halberds : RHP Antonio Godfrey
Batting: RHB Andrés Medina 0-0: Swinging Strike
0-1: Called Strike
0-2: Foul Ball, location: 2F
0-2: Foul Ball, location: 2F
0-2: Ball
1-2: Strikes out swinging
Batting: SHB Fernando Luna 0-0: Foul Ball, location: 2F
0-1: Ball
1-1: Swinging Strike
1-2: Foul Ball, location: 2F
1-2: Fly out, F9 (Flyball, 9S)
Batting: SHB Eric Moore 0-0: Called Strike
0-1: Ball
1-1: SINGLE (Groundball, 4D)
Batting: LHB Tony García 0-0: Ball
1-0: Ball
2-0: Called Strike
2-1: SINGLE (Groundball, 34D)
Eric Moore to second
Runner from 2nd tries for 3rd, SAFE, no throw
Batting: RHB Allen Williams 0-0: Ball
1-0: SINGLE (Flyball, 8LS)
Eric Moore scores
Tony García to second
Throwing error, E8
Tony García scores
Allen Williams to second
Batting: LHB Michael Woodard 0-0: Swinging Strike
0-1: Called Strike
0-2: Ball
1-2: Foul Ball, location: 2F
1-2: Strikes out looking
Top of the 2nd over - 2 runs, 3 hits, 1 error, 1 left on base; Athletic Club KC 2 - Alloway 0
BOTTOM OF THE 2ND
Alloway Halberds batting - Pitching for Athletic Club KC Reserves : RHP César Méndez
Batting: RHB Tracy Parker 0-0: Called Strike
0-1: Ball
1-1: Ball
2-1: Foul Ball, location: 2F
2-2: Ball
3-2: Base on Balls
Batting: RHB Ethan Stanford 0-0: Foul Ball, location: 2F
0-1: Ball
1-1: Ball
2-1: SINGLE (Groundball, 6D)
Tracy Parker to second
Batting: RHB Vito Middendorf 0-0: Fly out, F9 (Flyball, 9LSF)
Batting: RHB Jordan Hollins 0-0: Called Strike
0-1: Foul Ball, location: 2F
0-2: Strikes out looking
Batting: RHB Juan Salinas 0-0: Ball
1-0: Foul Ball, location: 2F
1-1: Swinging Strike
1-2: Strikes out swinging
Bottom of the 2nd over - 0 runs, 1 hit, 0 errors, 2 left on base; Athletic Club KC 2 - Alloway 0
TOP OF THE 3RD
Athletic Club KC Reserves batting - Pitching for Alloway Halberds : RHP Antonio Godfrey
Batting: RHB Tony Osorio 0-0: Fly out, F6 (Line Drive, 56)
Batting: RHB Iván Chacón 0-0: Ball
1-0: Ground out 5-3 (Groundball, 56)
Batting: LHB Wu-shun Chu 0-0: Ground out 4-3 (Groundball, 4)
Top of the 3rd over - 0 runs, 0 hits, 0 errors, 0 left on base; Athletic Club KC 2 - Alloway 0
BOTTOM OF THE 3RD
Alloway Halberds batting - Pitching for Athletic Club KC Reserves : RHP César Méndez
Batting: SHB Jack MacAsgill 0-0: Swinging Strike
0-1: Fly out, F8 (Flyball, 8LS)
Batting: RHB Bryan Clifton 0-0: Called Strike
0-1: Foul Ball, location: 2F
0-2: Fly out, F9 (Line Drive, 89M)
Batting: RHB Dave Ash 0-0: Swinging Strike
0-1: Swinging Strike
0-2: Foul Ball, location: 2F
0-2: Strikes out swinging
Bottom of the 3rd over - 0 runs, 0 hits, 0 errors, 0 left on base; Athletic Club KC 2 - Alloway 0
TOP OF THE 4TH
Athletic Club KC Reserves batting - Pitching for Alloway Halberds : RHP Antonio Godfrey
Batting: RHB Andrés Medina 0-0: Ball
1-0: Ball
2-0: Called Strike
2-1: Foul Ball, location: 2F
2-2: Fly out, F8 (Line Drive, 8LM)
Batting: SHB Fernando Luna 0-0: Called Strike
0-1: Foul Ball, location: 2F
0-2: Ball
1-2: Ball
2-2: Fly out, F9 (Line Drive, 9)
Batting: SHB Eric Moore 0-0: Called Strike
0-1: Foul Ball, location: 2F
0-2: Foul Ball, location: 2F
0-2: Strikes out swinging
Top of the 4th over - 0 runs, 0 hits, 0 errors, 0 left on base; Athletic Club KC 2 - Alloway 0
BOTTOM OF THE 4TH
Alloway Halberds batting - Pitching for Athletic Club KC Reserves : RHP César Méndez
Batting: RHB Jerry Yates 0-0: Fly out, F4 (Popup, 4)
Batting: RHB Tracy Parker 0-0: Ground out 3-1 (Groundball, 34S)
Batting: RHB Ethan Stanford 0-0: Ball
1-0: Called Strike
1-1: Swinging Strike
1-2: Ball
2-2: Ball
3-2: SINGLE (Flyball, 9LM)
Batting: RHB Vito Middendorf 0-0: Ball
1-0: Ball
2-0: Ground out 5-3 (Groundball, 56S)
Bottom of the 4th over - 0 runs, 1 hit, 0 errors, 1 left on base; Athletic Club KC 2 - Alloway 0
TOP OF THE 5TH
Athletic Club KC Reserves batting - Pitching for Alloway Halberds : RHP Antonio Godfrey
Batting: LHB Tony García 0-0: Ball
1-0: Called Strike
1-1: Swinging Strike
1-2: Foul Ball, location: 2F
1-2: Ball
2-2: Ball
3-2: Ground out 4-3 (Groundball, 34D)
Batting: RHB Allen Williams 0-0: Called Strike
0-1: Ball
1-1: Called Strike
1-2: Fly out, F9 (Flyball, 9)
Batting: LHB Michael Woodard 0-0: Ball
1-0: Called Strike
1-1: Ball
2-1: Swinging Strike
2-2: SINGLE (Groundball, 4MD)
Batting: RHB Tony Osorio 0-0: Called Strike
0-1: Fielders Choice at 2nd, 5-4 (Groundball, 5)
Top of the 5th over - 0 runs, 1 hit, 0 errors, 1 left on base; Athletic Club KC 2 - Alloway 0
BOTTOM OF THE 5TH
Alloway Halberds batting - Pitching for Athletic Club KC Reserves : RHP César Méndez
Batting: RHB Jordan Hollins 0-0: Ball
1-0: Ball
2-0: Called Strike
2-1: Swinging Strike
2-2: Ground out U3 (Groundball, 34)
Batting: RHB Juan Salinas 0-0: Fly out, F8 (Line Drive, 8LM)
Batting: SHB Jack MacAsgill 0-0: Called Strike
0-1: Ball
1-1: Fly out, F9 (Flyball, 9LSF)
Bottom of the 5th over - 0 runs, 0 hits, 0 errors, 0 left on base; Athletic Club KC 2 - Alloway 0
TOP OF THE 6TH
Athletic Club KC Reserves batting - Pitching for Alloway Halberds : RHP Antonio Godfrey
Batting: RHB Iván Chacón 0-0: Ball
1-0: Ball
2-0: Called Strike
2-1: Swinging Strike
2-2: Ball
3-2: Strikes out looking
Batting: LHB Wu-shun Chu 0-0: SINGLE (Flyball, 8RS)
Batting: RHB Andrés Medina 0-0: Called Strike
0-1: Swinging Strike
0-2: Ball
Wu-shun Chu steals 2nd base
1-2: Foul Ball, location: 2F
1-2: Fly out, F8 (Flyball, 89D)
Runner from 2nd tags up, SAFE at 3rd, no throw
Batting: SHB Fernando Luna 0-0: Foul Ball, location: 2F
0-1: Ground out 5-3 (Groundball, 56)
Top of the 6th over - 0 runs, 1 hit, 0 errors, 1 left on base; Athletic Club KC 2 - Alloway 0
BOTTOM OF THE 6TH
Alloway Halberds batting - Pitching for Athletic Club KC Reserves : RHP César Méndez
Batting: RHB Bryan Clifton 0-0: Foul Ball, location: 2F
0-1: Ball
1-1: Ball
2-1: Swinging Strike
2-2: Strikes out looking
Batting: RHB Dave Ash 0-0: Called Strike
0-1: Foul Ball, location: 2F
0-2: Fly out, F9 (Flyball, 9LS)
Batting: RHB Jerry Yates 0-0: SINGLE (Groundball, 34D)
Batting: RHB Tracy Parker 0-0: Ground out 1-3 (Groundball, 13S)
Bottom of the 6th over - 0 runs, 1 hit, 0 errors, 1 left on base; Athletic Club KC 2 - Alloway 0
TOP OF THE 7TH
Athletic Club KC Reserves batting - Pitching for Alloway Halberds : RHP Antonio Godfrey
Batting: SHB Eric Moore 0-0: Ball
1-0: Called Strike
1-1: SINGLE (Groundball, 6MD)
Batting: LHB Tony García 0-0: Swinging Strike
0-1: Ball
Eric Moore steals 2nd base
1-1: Intentional Walk
Batting: RHB Allen Williams 0-0: Sac Bunt - play at first, batter OUT! 1-3
Eric Moore to third
Tony García to second
Batting: LHB Michael Woodard 0-0: Called Strike
0-1: Ball
1-1: Swinging Strike
1-2: Strikes out swinging
Batting: RHB Tony Osorio 0-0: Called Strike
0-1: Ball
1-1: Ball
2-1: SINGLE (Groundball, 6MD)
Eric Moore scores
Tony García to third
Runner from 3rd tries for Home, SAFE, throw made home
Batting: RHB Iván Chacón 0-0: Foul Ball, location: 2F
0-1: Ball
1-1: DOUBLE (Flyball, 89D)
Tony Osorio to third
Runner from 3rd tries for Home, SAFE, no throw
Pitching: RHP Akihiko Rin
Batting: LHB Wu-shun Chu 0-0: Ball
1-0: Ball
2-0: Called Strike
2-1: Ball
3-1: Fly out, F3 (Popup, 3SF)
Top of the 7th over - 3 runs, 3 hits, 0 errors, 1 left on base; Athletic Club KC 5 - Alloway 0
BOTTOM OF THE 7TH
Alloway Halberds batting - Pitching for Athletic Club KC Reserves : RHP César Méndez
Batting: RHB Ethan Stanford 0-0: Ball
1-0: Foul Ball, location: 2F
1-1: Foul Ball, location: 2F
1-2: Ball
2-2: Ground out 4-3 (Groundball, 4)
Batting: RHB Vito Middendorf 0-0: Ball
1-0: Foul Ball, location: 2F
1-1: Swinging Strike
1-2: Foul Ball, location: 2F
1-2: Strikes out swinging
Batting: RHB Jordan Hollins 0-0: Called Strike
0-1: Called Strike
0-2: Ball
1-2: Foul Ball, location: 2F
1-2: Ground out 6-3 (Groundball, 6S)
Bottom of the 7th over - 0 runs, 0 hits, 0 errors, 0 left on base; Athletic Club KC 5 - Alloway 0
TOP OF THE 8TH
Athletic Club KC Reserves batting - Pitching for Alloway Halberds : RHP Akihiko Rin
Batting: RHB Andrés Medina 0-0: Foul Ball, location: 2F
0-1: SINGLE (Flyball, 9S)
Batting: SHB Fernando Luna 0-0: Foul Ball, location: 2F
0-1: Grounds into double play, 4-6-3 (Groundball, 4)
Batting: SHB Eric Moore 0-0: Foul Ball, location: 2F
0-1: Ball
1-1: Ball
2-1: Ball
3-1: Swinging Strike
3-2: Foul Ball, location: 2F
3-2: Base on Balls
Batting: LHB Tony García 0-0: Called Strike
0-1: DOUBLE (Line Drive, 89D)
Eric Moore to third
Runner from 3rd tries for Home, SAFE, no throw
Batting: RHB Allen Williams 0-0: Called Strike
0-1: Ball
Passed Ball!
Tony García to third
1-1: Ground out U3 (Groundball, 34)
Top of the 8th over - 1 run, 2 hits, 0 errors, 1 left on base; Athletic Club KC 6 - Alloway 0
BOTTOM OF THE 8TH
Alloway Halberds batting - Pitching for Athletic Club KC Reserves : RHP César Méndez
Now at 2B: Javier Marino
Batting: RHB Juan Salinas 0-0: Called Strike
0-1: Ball
1-1: Fly out, F9 (Flyball, 89D)
Batting: SHB Jack MacAsgill 0-0: Ball
1-0: Ball
2-0: Ball
3-0: Swinging Strike
3-1: Called Strike
3-2: Foul Ball, location: 2F
3-2: Fly out, F3 (Popup, 34S)
Batting: RHB Bryan Clifton 0-0: Called Strike
0-1: Ground out 6-3 (Groundball, 6M)
Bottom of the 8th over - 0 runs, 0 hits, 0 errors, 0 left on base; Athletic Club KC 6 - Alloway 0
TOP OF THE 9TH
Athletic Club KC Reserves batting - Pitching for Alloway Halberds : RHP Akihiko Rin
Pitching: RHP Bryan Tuff
Batting: LHB Michael Woodard 0-0: Swinging Strike
0-1: Foul Ball, location: 2F
0-2: Foul Ball, location: 2F
0-2: Ball
1-2: Ball
2-2: Foul Ball, location: 2F
2-2: Ball
3-2: Ground out 5-3 (Groundball, 56)
Batting: RHB Tony Osorio 0-0: Called Strike
0-1: Ball
1-1: Swinging Strike
1-2: Foul Ball, location: 2F
1-2: Strikes out swinging
Batting: RHB Iván Chacón 0-0: Swinging Strike
0-1: Fly out, F9 (Flyball, 89S)
Top of the 9th over - 0 runs, 0 hits, 0 errors, 0 left on base; Athletic Club KC 6 - Alloway 0
BOTTOM OF THE 9TH
Alloway Halberds batting - Pitching for Athletic Club KC Reserves : RHP César Méndez
Pitching: RHP Fred Pitts
Batting: RHB Dave Ash 0-0: Called Strike
0-1: Ball
1-1: Fly out, F8 (Flyball, 8RD)
Batting: RHB Jerry Yates 0-0: Ball
1-0: Ball
2-0: Foul Ball, location: 2F
2-1: Foul Ball, location: 2F
2-2: Foul Ball, location: 2F
2-2: SINGLE (Groundball, 34D)
Batting: RHB Tracy Parker 0-0: Ball
1-0: Foul Ball, location: 2F
1-1: Ball
2-1: Foul Ball, location: 2F
2-2: Strikes out swinging
Batting: RHB Ethan Stanford 0-0: Foul Ball, location: 2F
0-1: SINGLE (Flyball, 89S)
Jerry Yates to second
Batting: RHB Vito Middendorf 0-0: 3-RUN HOME RUN (Flyball, 7LD), Distance : 358 ft
Pitching: RHP Jason Hamilton
Batting: RHB Jordan Hollins 0-0: Called Strike
0-1: Fly out, F5 (Line Drive, 5)
Bottom of the 9th over - 3 runs, 3 hits, 0 errors, 0 left on base; Athletic Club KC 6 - Alloway 3
Sunday, March 18th, 2018 - OOTP Baseball 18.8 Build 76